[Event "Titled Tuesday Blitz April 25 Early 2023"]
[White "Le, Tuan Minh"]
[Black "Williams, Simon K"]
[WhiteFideId "12401153"]
[BlackFideId "404454"]
[WhiteElo "2566"]
[BlackElo "2468"]
[Result "1-0"]
[Round "02"]
[TimeControl "180+2"]
[Date "2023.04.25"]
[WhiteClock "0:00:09"]
[BlackClock "0:00:07"]

1. d4 e6 2. Nf3 f5 3. g3 Nf6 4. Bg2 Be7 5. O-O O-O 6. c4 d6 7. Nc3 Ne4 8. Qc2 Nxc3 9. Qxc3 a5 10. b3 Bf6 11. Bb2 Nc6 12. Qd2 e5 13. Rfd1 Qe7 14. e3 g5 15. a3 g4 16. Ne1 e4 17. b4 h5 18. Bf1 Nd8 19. Ng2 Nf7 20. Nf4 Ng5 21. Bg2 Qf7 22. d5 h4 23. gxh4 Nf3+ 24. Bxf3 exf3 25. Bxf6 Qxf6 26. bxa5 Kf7 27. h5 Re8 28. Rac1 Bd7 29. c5 Ba4 30. Re1 Re7 31. Kh1 Rh8 32. Rg1 Qh4 33. Rg3 Re4 34. Ng6 Qxh5 35. Nxh8+ Qxh8 36. cxd6 cxd6 37. Rc7+ Kg6 38. Rg1 Re8 39. Qb4 Qe5 40. Rxg4+ fxg4 41. Qxg4+ Kf6 42. Qg7+ Kf5 43. Qh7+ Kg5 44. Rg7+ 1-0


[Site "https://www.chess.com"]

[Event "Titled Tuesday Blitz April 25 Early 2023"]
[White "Nikologorskiy, Konstantin"]
[Black "Moussard, Jules"]
[WhiteFideId "24111708"]
[BlackFideId "642908"]
[WhiteElo "2293"]
[BlackElo "2610"]
[Result "0-1"]
[Round "02"]
[TimeControl "180+2"]
[Date "2023.04.25"]
[WhiteClock "0:00:05"]
[BlackClock "0:00:21"]

1. d4 d6 2. c4 e5 3. Nf3 e4 4. Ng5 f5 5. Nc3 Nf6 6. g3 h6 7. Nh3 g5 8. Bg2 Bg7 9. O-O O-O 10. b3 c6 11. Ba3 Re8 12. d5 c5 13. Bb2 Nbd7 14. f4 Ng4 15. Qc1 Ne3 16. Re1 Bd4 17. Nd1 Nc2+ 18. Bxd4 Nxe1 19. Bb2 Nxg2 20. Kxg2 g4 21. Nhf2 Kf7 22. Ne3 Nf6 23. Qc3 Rg8 24. Rh1 Rg6 25. h3 gxh3+ 26. Rxh3 Bd7 27. Qe1 Qe7 28. Qh1 Rag8 29. Qh2 Qf8 30. Nh1 a6 31. Kf2 b5 32. Bc3 b4 33. Bb2 a5 34. Bxf6 Rxf6 35. Rh5 Ke8 36. Qh3 Kd8 37. Kg2 Kc7 38. Nf2 Rgg6 39. Qh1 Qg7 40. Rh3 Rf8 41. Qa1 Qxa1 42. Nh1 Rfg8 43. Kf2 Qxa2 44. Nf1 Qxb3 45. Ne3 a4 46. Nf1 a3 47. Ne3 a2 48. Nf1 0-1


[Site "https://www.chess.com"]

[Event "Titled Tuesday Blitz April 25 Early 2023"]
[White "Kollars, Dmitrij"]
[Black "Bruedigam, Martin"]
[WhiteFideId "12909572"]
[BlackFideId "24608033"]
[WhiteElo "2584"]
[BlackElo "2331"]
[Result "0-1"]
[Round "02"]
[TimeControl "180+2"]
[Date "2023.04.25"]
[WhiteClock "0:00:45"]
[BlackClock "0:00:11"]

1. d4 d5 2. c4 e6 3. Nf3 a6 4. cxd5 exd5 5. Nc3 Nf6 6. Bg5 Be6 7. Bxf6 Qxf6 8. Qb3 Ra7 9. h4 Bd6 10. O-O-O O-O 11. e3 b5 12. Bd3 c6 13. Ng5 Bf5 14. Qc2 Bxd3 15. Qxd3 Qg6 16. e4 Bf4+ 17. Kb1 Bxg5 18. hxg5 b4 19. Na4 dxe4 20. Qe3 Re7 21. Rh4 f6 22. gxf6 Rxf6 23. Nc5 Nd7 24. Rxe4 Nxc5 25. f3 Nxe4 26. Qb3+ Rfe6 27. fxe4 Qxe4+ 28. Ka1 h6 29. Qxb4 Kh7 30. a3 Rd7 31. Qc4 Red6 32. Qf1 Rxd4 33. Re1 Qxe1+ 0-1


[Site "https://www.chess.com"]

[Event "Titled Tuesday Blitz April 25 Early 2023"]
[White "Antonica, Dragos-Andrei"]
[Black "Paravyan, David"]
[WhiteFideId "1246372"]
[BlackFideId "4194985"]
[WhiteElo "2285"]
[BlackElo "2563"]
[Result "0-1"]
[Round "02"]
[TimeControl "180+2"]
[Date "2023.04.25"]
[WhiteClock "0:00:20"]
[BlackClock "0:00:49"]

1. d4 Nf6 2. Nf3 g6 3. Nbd2 d5 4. e3 Bg7 5. c4 O-O 6. b3 c5 7. Bb2 cxd4 8. Nxd4 e5 9. N4f3 d4 10. exd4 exd4 11. Bd3 Re8+ 12. Kf1 Nc6 13. a3 Nh5 14. g3 Bh3+ 15. Kg1 Qd7 16. Bf1 Rad8 17. Bxh3 Qxh3 18. Qf1 Qf5 19. h3 Bh6 20. Kg2 Qc2 21. Qb1 d3 22. Qxc2 dxc2 23. Bc1 Re2 24. Ra2 Bxd2 25. Rxc2 Bxc1 26. Rxe2 Bxa3 27. Rhe1 Nf6 28. g4 h6 29. Ne5 Nxe5 30. Rxe5 Bb4 31. R1e3 b6 32. Kg3 Bd6 33. f4 Bxe5 34. fxe5 Nd7 35. e6 fxe6 36. Rxe6 Nf8 37. Re7 Rd3+ 38. Kf4 a5 39. Rb7 Rxb3 40. c5 Rb4+ 41. Ke5 bxc5 0-1


[Site "https://www.chess.com"]

[Event "Titled Tuesday Blitz April 25 Early 2023"]
[White "Deac, Bogdan-Daniel"]
[Black "Ibadov, Dashgyn"]
[WhiteFideId "1226380"]
[BlackFideId "24107514"]
[WhiteElo "2649"]
[BlackElo "2208"]
[Result "1-0"]
[Round "02"]
[TimeControl "180+2"]
[Date "2023.04.25"]
[WhiteClock "0:00:51"]
[BlackClock "0:00:02"]

1. b3 d5 2. Bb2 Nf6 3. e3 Bf5 4. c4 e6 5. cxd5 exd5 6. Qf3 Be4 7. Bxf6 gxf6 8. Qh5 Qd6 9. Nc3 Nd7 10. f3 Bg6 11. Qxd5 Qxd5 12. Nxd5 O-O-O 13. Nf4 Bb4 14. Nxg6 hxg6 15. a3 Ba5 16. b4 Bb6 17. f4 g5 18. g3 Rhe8 19. Bc4 Re7 20. Nf3 Nf8 21. fxg5 fxg5 22. Nxg5 f6 23. Nf3 Ng6 24. O-O-O Ne5 25. Nxe5 fxe5 26. h4 c5 27. b5 e4 28. h5 Bc7 29. g4 Be5 30. g5 a6 31. bxa6 bxa6 32. g6 Rd6 33. Kc2 Rb7 34. Rb1 Rbd7 35. Rhd1 Bg7 36. d3 Re7 37. dxe4 Rxd1 38. Rxd1 Rxe4 39. Bxa6+ Kc7 40. Rf1 Kb6 41. Rf7 Bh6 42. Rf6+ Ka5 43. Bd3 Rh4 44. Ra6# 1-0


[Site "https://www.chess.com"]

[Event "Titled Tuesday Blitz April 25 Early 2023"]
[White "Maurizzi, Marc`Andria"]
[Black "Korobov, Anton"]
[WhiteFideId "36083534"]
[BlackFideId "14105730"]
[WhiteElo "2421"]
[BlackElo "2638"]
[Result "0-1"]
[Round "02"]
[TimeControl "180+2"]
[Date "2023.04.25"]
[WhiteClock "0:00:10"]
[BlackClock "0:00:40"]

1. e4 c5 2. Nf3 d6 3. Bb5+ Nd7 4. a4 Nf6 5. Nc3 g6 6. O-O Bg7 7. a5 O-O 8. Re1 Nb8 9. e5 Ne8 10. h3 a6 11. Bf1 Nc6 12. exd6 Nxd6 13. Nd5 Be6 14. Nb6 Rb8 15. Na4 Qxa5 16. d3 Bd5 17. Bd2 Bxf3 18. gxf3 Qc7 19. Nxc5 Bxb2 20. Rb1 Bd4 21. Be3 Nf5 22. Ne4 Nxe3 23. fxe3 Ba7 24. d4 f5 25. Nd2 f4 26. c3 e5 27. Kg2 fxe3 28. Rxe3 exd4 29. Re6 dxc3 30. Ne4 Nd4 31. Rd6 c2 32. Qc1 Nxf3 33. Rb3 Nh4+ 34. Kg3 Nf5+ 0-1


[Site "https://www.chess.com"]

[Event "Titled Tuesday Blitz April 25 Early 2023"]
[White "Nguyen, Ngoc Truong Son"]
[Black "Kozin, Yuri"]
[WhiteFideId "12401110"]
[BlackFideId "4129920"]
[WhiteElo "2556"]
[BlackElo "2619"]
[Result "1-0"]
[Round "02"]
[TimeControl "180+2"]
[Date "2023.04.25"]
[WhiteClock "0:00:17"]
[BlackClock "0:00:02"]

1. d4 d5 2. c4 c6 3. Nc3 Nf6 4. Nf3 dxc4 5. a4 Bf5 6. Ne5 e6 7. f3 Bb4 8. Kf2 Bc2 9. Qd2 Bb3 10. e4 c5 11. dxc5 Bxc5+ 12. Ke1 Qc7 13. Qf4 O-O 14. Bxc4 Bb4 15. Bxb3 Bxc3+ 16. bxc3 Qxc3+ 17. Kf2 Qxa1 18. Rd1 Nc6 19. Nxc6 bxc6 20. Qd2 Qe5 21. Bb2 Qxh2 22. Qg5 h6 23. Qc1 Rab8 24. Rh1 Qxh1 25. Qxh1 Rxb3 26. Bxf6 gxf6 27. Qxh6 Ra3 28. Qxf6 Rxa4 29. Kg3 Ra5 30. Kg4 Kh7 31. Qh4+ Kg7 32. Kf4 f6 33. Qe1 Rg5 34. Qd2 Rf7 35. g4 a5 36. Qd6 Rb5 37. Qxc6 e5+ 38. Kf5 Rbb7 39. g5 fxg5+ 40. Kxg5 a4 41. Qxa4 Rxf3 42. Qc6 Rff7 43. Qe6 Rbe7 44. Qd6 Re8 45. Qg6+ Kf8 46. Kh6 Ke7 47. Kg5 1-0


[Site "https://www.chess.com"]

[Event "Titled Tuesday Blitz April 25 Early 2023"]
[White "Mamedov, Edgar"]
[Black "Tang, Andrew"]
[WhiteFideId "13739980"]
[BlackFideId "2059630"]
[WhiteElo "2330"]
[BlackElo "2596"]
[Result "1/2-1/2"]
[Round "02"]
[TimeControl "180+2"]
[Date "2023.04.25"]
[WhiteClock "0:00:15"]
[BlackClock "0:00:03"]

1. d4 d5 2. c4 e6 3. Nf3 Nf6 4. Nc3 Be7 5. cxd5 exd5 6. Bf4 c6 7. Qc2 g6 8. e3 Bf5 9. Bd3 Bxd3 10. Qxd3 Nbd7 11. O-O O-O 12. Rab1 a5 13. a3 Re8 14. h3 Bf8 15. b4 b5 16. Ne5 Nxe5 17. Bxe5 Nd7 18. Bg3 Nb6 19. e4 Nc4 20. exd5 Nxa3 21. dxc6 Nxb1 22. Rxb1 axb4 23. Nxb5 Rc8 24. d5 Qb6 25. Qc4 Qa6 26. c7 Re7 27. d6 Rd7 28. Rxb4 Bxd6 29. Bxd6 Rxd6 30. Nxd6 Qxd6 31. Rb7 h5 32. h4 Qd1+ 33. Kh2 Qd6+ 34. g3 Qd2 35. Kg2 Qd6 36. Ra7 Kg7 37. Qc3+ Kg8 38. Qb2 Qc6+ 39. Kh2 Rxc7 40. Rxc7 Qxc7 41. Qe2 Qd7 1/2-1/2


[Site "https://www.chess.com"]

[Event "Titled Tuesday Blitz April 25 Early 2023"]
[White "Shimanov, Aleksandr"]
[Black "wqws"]
[WhiteFideId "4198603"]
[WhiteElo "2631"]
[BlackElo "2617"]
[Result "1-0"]
[Round "02"]
[TimeControl "180+2"]
[Date "2023.04.25"]
[WhiteClock "0:00:51"]
[BlackClock "0:00:23"]

1. c4 Nf6 2. Nc3 e6 3. e4 d5 4. cxd5 exd5 5. e5 Ne4 6. d4 Bb4 7. Qa4+ Nc6 8. Bb5 O-O 9. Bxc6 Bxc3+ 10. bxc3 bxc6 11. Ne2 a5 12. f3 Ng5 13. Qxc6 Ba6 14. Ng3 Bc4 15. Kf2 Ra6 16. Qa4 Ne6 17. Re1 c5 18. Be3 Qc7 19. Rab1 Rb6 20. Qc2 Rfb8 21. Nf5 a4 22. Rxb6 Qxb6 23. dxc5 Nxc5 24. Kg1 Bd3 25. Ne7+ Kf8 26. Qf2 d4 27. Bxd4 Qb2 28. Bxc5 Ke8 29. Qxb2 Rxb2 30. a3 Rc2 31. Bb4 1-0


[Site "https://www.chess.com"]

[Event "Titled Tuesday Blitz April 25 Early 2023"]
[White "Brunner, Nicolas"]
[Black "Bortnyk, Olexandr"]
[WhiteFideId "620246"]
[BlackFideId "14120828"]
[WhiteElo "2327"]
[BlackElo "2734"]
[Result "0-1"]
[Round "02"]
[TimeControl "180+2"]
[Date "2023.04.25"]
[WhiteClock "0:00:03"]
[BlackClock "0:01:05"]

1. Nf3 Nf6 2. g3 b6 3. Bg2 Bb7 4. O-O g6 5. c4 Bg7 6. Nc3 O-O 7. d4 Ne4 8. Bd2 e6 9. Rc1 Nxd2 10. Qxd2 d6 11. e4 Nd7 12. d5 e5 13. Ne1 a5 14. Nd3 a4 15. h4 Bc8 16. Bh3 h5 17. Kg2 Kh7 18. f3 Bh6 19. f4 exf4 20. Nxf4 Ne5 21. Bxc8 Qxc8 22. Nb5 Qd7 23. Nd4 Rae8 24. b3 axb3 25. axb3 Ra8 26. Ra1 Rfe8 27. Qe2 Rxa1 28. Rxa1 Ng4 29. Ra7 Nf6 30. Nfe6 fxe6 31. Nxe6 Rxe6 32. dxe6 Qxe6 33. Rxc7+ Bg7 34. Rc6 Nxe4 35. Rxb6 Qe5 36. Qf3 Qb2+ 37. Kh1 Nf2+ 38. Kg2 Ng4+ 39. Kh1 Qh2# 0-1


[Site "https://www.chess.com"]

[Event "Titled Tuesday Blitz April 25 Early 2023"]
[White "Svane, Rasmus"]
[Black "Sielecki, Christof"]
[WhiteFideId "4657101"]
[BlackFideId "4620437"]
[WhiteElo "2597"]
[BlackElo "2443"]
[Result "1-0"]
[Round "02"]
[TimeControl "180+2"]
[Date "2023.04.25"]
[WhiteClock "0:00:08"]
[BlackClock "0:00:05"]

1. Nf3 d5 2. g3 c5 3. Bg2 Nc6 4. d4 Nf6 5. O-O e6 6. b3 Be7 7. Bb2 O-O 8. dxc5 Bxc5 9. c4 d4 10. b4 Bxb4 11. Nxd4 Nxd4 12. Qxd4 Qe7 13. Nc3 Rd8 14. Qe5 Bd6 15. Qe3 Bc5 16. Qc1 Rb8 17. Nb5 a6 18. Be5 Ra8 19. Nc3 Bd4 20. Bxd4 Rxd4 21. Rd1 Rxc4 22. Qd2 Bd7 23. Bxb7 Ra7 24. Bg2 Rac7 25. Nb1 h6 26. Qe1 Rc2 27. Nd2 Qb4 28. Ne4 Qxe1+ 29. Rxe1 Bb5 30. Nxf6+ gxf6 31. Bf3 Rb2 32. a3 Rcc2 33. Kf1 Kg7 34. a4 Bc4 35. Rac1 f5 36. a5 Bb5 37. g4 fxg4 38. Bxg4 Rxc1 39. Rxc1 Ra2 40. Rc7 Kf6 41. Bh5 Be8 42. Rc5 Bb5 43. Rc7 Be8 44. Rc5 Bb5 45. h4 Rxa5 46. Kg2 Ke7 47. Rc7+ Bd7 48. Bxf7 Kxf7 49. Rxd7+ Kf6 50. Rh7 Kg6 51. Re7 Kf6 52. Rh7 Kg6 53. Ra7 Ra4 54. Kg3 a5 55. e3 Kf6 56. f3 h5 57. e4 Ke5 58. Rh7 Ra1 59. Rxh5+ Kd4 60. Rh6 e5 61. Kg4 Rg1+ 62. Kf5 Rg3 63. Rd6+ Ke3 64. Kxe5 Rxf3 65. Rc6 Kd3 66. Ra6 Re3 67. Rd6+ Kc4 68. Kf4 Re1 69. h5 a4 70. Ra6 Kb3 71. h6 a3 72. e5 a2 73. Kf5 a1=Q 74. Rxa1 Rxa1 75. e6 Ra8 76. e7 Kc4 77. Ke6 Kc5 78. Kf7 Ra7 79. h7 Kd6 80. h8=Q Rxe7+ 81. Kf6 Re6+ 82. Kf5 Re5+ 83. Qxe5+ 1-0


[Site "https://www.chess.com"]

[Event "Titled Tuesday Blitz April 25 Early 2023"]
[White "Koellner, Ruben Gideon"]
[Black "Tactrics"]
[WhiteFideId "12993093"]
[WhiteElo "2314"]
[BlackElo "2964"]
[Result "0-1"]
[Round "02"]
[TimeControl "180+2"]
[Date "2023.04.25"]
[WhiteClock "0:00:03"]
[BlackClock "0:00:10"]

1. d4 e6 2. Nf3 Nf6 3. Nbd2 d5 4. e3 b6 5. Bd3 Bb7 6. Ne5 c5 7. c3 Bd6 8. f4 Nc6 9. Qf3 a6 10. O-O Ne7 11. g4 Qc7 12. g5 Nd7 13. Qh3 g6 14. Ndf3 Nf5 15. Bd2 Nb8 16. Ng4 Nd7 17. Nfe5 Be7 18. Nxd7 Qxd7 19. Ne5 Qc7 20. Rae1 Bd6 21. Ng4 O-O-O 22. Qf3 Kb8 23. a4 Ka7 24. Ra1 c4 25. Bxf5 exf5 26. Ne5 h6 27. h4 hxg5 28. hxg5 Bxe5 29. fxe5 Rh5 30. Kg2 Rdh8 31. Rh1 Rxg5+ 32. Kf2 Rgh5 33. Rxh5 Rxh5 34. Rh1 Rxh1 35. Qxh1 Bc6 36. Qh7 Qd7 37. a5 bxa5 38. Ke2 Ba4 39. Kf3 Bd1+ 40. Kf4 Kb6 41. Qg7 Qe7 42. Qh8 Kb5 43. Qb8+ Ka4 44. Qh8 Kb3 45. Qb8+ Kc2 46. Be1 a4 47. Qd6 Qe8 48. Qa3 Kd3 49. Bh4 Qh8 50. Bf6 Qh6+ 51. Kg3 Qxe3+ 52. Kh4 Qf4+ 53. Kh3 Bg4+ 54. Kg2 Qf3+ 55. Kg1 Qg3+ 56. Kf1 Be2# 0-1


[Site "https://www.chess.com"]

[Event "Titled Tuesday Blitz April 25 Early 2023"]
[White "tufferguy"]
[Black "Hakobyan, Aram"]
[BlackFideId "13306677"]
[WhiteElo "2613"]
[BlackElo "2584"]
[Result "0-1"]
[Round "02"]
[TimeControl "180+2"]
[Date "2023.04.25"]
[WhiteClock "0:00:45"]
[BlackClock "0:01:33"]

1. d4 g6 2. e4 Bg7 3. Nc3 c5 4. Be3 cxd4 5. Bxd4 Bxd4 6. Qxd4 Nf6 7. O-O-O Nc6 8. Qe3 d6 9. f3 Qa5 10. g4 Be6 11. Kb1 Rc8 12. g5 Nd7 13. f4 Nb6 14. Nf3 O-O 15. h4 Na4 16. Nxa4 Qxa4 17. a3 Nb4 18. Bd3 Nxc2 19. Qf2 Nb4 20. Qd4 Qb3 0-1


[Site "https://www.chess.com"]

[Event "Titled Tuesday Blitz April 25 Early 2023"]
[White "Kokoszczynski, Jan"]
[Black "Abdrlauf, Elham"]
[WhiteFideId "1174460"]
[BlackFideId "1533533"]
[WhiteElo "2139"]
[BlackElo "2469"]
[Result "0-1"]
[Round "02"]
[TimeControl "180+2"]
[Date "2023.04.25"]
[WhiteClock "0:00:10"]
[BlackClock "0:00:07"]

1. e4 c6 2. d4 d5 3. exd5 cxd5 4. Bd3 Nf6 5. c3 g6 6. Bf4 Bg7 7. Nf3 O-O 8. h3 Nc6 9. O-O Bf5 10. Be2 Rc8 11. Nbd2 Re8 12. Re1 Ne4 13. Bf1 Nxd2 14. Qxd2 Be4 15. Ng5 Bf5 16. Nf3 f6 17. Rad1 Qd7 18. c4 Be4 19. Be2 e6 20. b3 Rcd8 21. Be3 g5 22. Nh2 Ne7 23. f3 Bg6 24. Bf2 b6 25. Bf1 Nf5 26. Ng4 a5 27. Ne3 Nxe3 28. Bxe3 Bf8 29. Re2 Bb4 30. Qb2 Qe7 31. Bf2 Qd6 32. c5 bxc5 33. dxc5 Bxc5 34. Qxf6 Bxf2+ 35. Rxf2 Qf4 36. Qxf4 gxf4 37. Rfd2 Rc8 38. Bd3 Bxd3 39. Rxd3 Rc2 40. R1d2 Rec8 41. Kf2 Kg7 42. Re2 Rxe2+ 43. Kxe2 Rc2+ 44. Rd2 Rxd2+ 45. Kxd2 Kf6 46. Kc3 Ke5 47. a3 Kd6 48. Kd4 e5+ 49. Kc3 Kc5 50. Kd3 h6 51. h4 h5 52. Kc3 Kc6 53. Kd3 Kd6 54. Kc3 Ke6 55. Kd3 Kf5 56. Kc3 e4 57. fxe4+ Kxe4 58. Kd2 Kd4 59. a4 Kc5 60. Kc3 d4+ 61. Kd3 Kd5 62. Kd2 Ke4 63. Ke2 d3+ 64. Kd2 Kd4 65. b4 axb4 66. a5 b3 67. a6 b2 68. a7 b1=Q 0-1


[Site "https://www.chess.com"]

[Event "Titled Tuesday Blitz April 25 Early 2023"]
[White "Pranesh M"]
[Black "Ezat, Mohamed"]
[WhiteFideId "35028600"]
[BlackFideId "10600906"]
[WhiteElo "2437"]
[BlackElo "2386"]
[Result "1-0"]
[Round "02"]
[TimeControl "180+2"]
[Date "2023.04.25"]
[WhiteClock "0:01:00"]
[BlackClock "0:00:07"]

1. e4 c6 2. d4 d5 3. e5 c5 4. dxc5 e6 5. Be3 Nh6 6. Bd3 Nd7 7. b4 Nxe5 8. Bb5+ Bd7 9. Qe2 Nf5 10. Nf3 Nxf3+ 11. gxf3 a5 12. c3 Be7 13. a4 O-O 14. O-O Bf6 15. Ra2 axb4 16. cxb4 d4 17. Bf4 Bxb5 18. Qxb5 Qd5 19. Ra3 e5 20. Bg3 h5 21. h3 Rfd8 22. Nd2 Ra6 23. Rd3 Bg5 24. Ne4 Rg6 25. Kh1 Bh4 26. Bh2 Be7 27. Nc3 Qb3 28. Ne4 Qd5 29. a5 Nh4 30. Re1 Qe6 31. f4 exf4 32. Qxb7 f5 33. Nf6+ Qxf6 34. Rxe7 Qg5 35. Rd1 f3 36. Rg1 1-0


[Site "https://www.chess.com"]

[Event "Titled Tuesday Blitz April 25 Early 2023"]
[White "Hamitevici, Vladimir"]
[Black "Chigaev, Maksim"]
[WhiteFideId "13902393"]
[BlackFideId "4108116"]
[WhiteElo "2401"]
[BlackElo "2547"]
[Result "0-1"]
[Round "02"]
[TimeControl "180+2"]
[Date "2023.04.25"]
[WhiteClock "0:00:08"]
[BlackClock "0:00:05"]

1. d4 Nf6 2. Bf4 d6 3. e3 g6 4. h3 Bg7 5. Nf3 O-O 6. Nbd2 c5 7. c3 Nc6 8. dxc5 dxc5 9. Bc4 Bf5 10. O-O Bd3 11. Bxd3 Qxd3 12. Qb3 b6 13. Qa4 Qd7 14. Nc4 Qb7 15. Qb3 b5 16. a4 a6 17. axb5 axb5 18. Na3 b4 19. cxb4 Qxb4 20. Qxb4 Nxb4 21. Ne5 h6 22. Nec4 Nd3 23. Rfd1 Nxf4 24. exf4 e6 25. Nb6 Rad8 26. Nac4 Nd5 27. Nxd5 exd5 28. Ne5 Rfe8 29. Ra5 Bf8 30. Ra7 d4 31. Nxf7 Ra8 32. Rd7 Rab8 33. Ne5 Rxb2 34. Nxg6 Bg7 35. Ra1 Bf6 36. Ra6 Bg7 37. Raa7 Bf6 38. Rf7 Rb6 39. Rh7 d3 40. Rhd7 c4 41. Ne5 Bxe5 42. fxe5 Rg6 43. Rac7 Rg5 44. f4 Rg3 45. Rxc4 h5 46. Rc6 h4 47. Rcd6 Rf8 48. Rxd3 Rxd3 49. Rxd3 Rxf4 50. Rf3 Re4 51. Rf5 Kg7 52. Kf2 Kg6 53. Rf6+ Kg5 54. Re6 Kf5 55. Re8 Rf4+ 56. Ke3 Re4+ 57. Kd3 Re1 58. e6 Kf6 59. Rh8 Kg5 60. Rg8+ Kh5 61. Re8 Kg6 62. e7 Kg7 63. Rh8 Kxh8 64. Kd4 Rxe7 65. Kd3 Rg7 66. Kd4 Rxg2 67. Ke3 Rg3+ 68. Kf4 Kg7 0-1


[Site "https://www.chess.com"]

[Event "Titled Tuesday Blitz April 25 Early 2023"]
[White "Esipenko, Andrey"]
[Black "Berezin, Viktor"]
[WhiteFideId "24175439"]
[BlackFideId "14107872"]
[WhiteElo "2615"]
[BlackElo "2310"]
[Result "1-0"]
[Round "02"]
[TimeControl "180+2"]
[Date "2023.04.25"]
[WhiteClock "0:01:43"]
[BlackClock "0:00:18"]

1. c4 Nf6 2. Nc3 g6 3. e4 d6 4. d4 Bg7 5. Nf3 O-O 6. Bg5 c5 7. d5 h6 8. Bh4 e6 9. Nd2 exd5 10. cxd5 Re8 11. Be2 a6 12. a4 Nbd7 13. O-O Ne5 14. f4 Ned7 15. Qc2 Qc7 16. Rae1 Rb8 17. Kh1 Nf8 18. e5 dxe5 19. fxe5 Rxe5 20. Bxf6 Bf5 21. Bxe5 Bxe5 22. Rxf5 gxf5 23. Qxf5 Bxh2 24. Nde4 Ng6 25. Bh5 Kg7 26. Qf6+ Kh7 27. d6 Qd7 28. Bxg6+ fxg6 29. Kxh2 1-0


[Site "https://www.chess.com"]

[Event "Titled Tuesday Blitz April 25 Early 2023"]
[White "Bodnaruk, Anastasia"]
[Black "Van Foreest, Jorden"]
[WhiteFideId "4181751"]
[BlackFideId "1039784"]
[WhiteElo "2310"]
[BlackElo "2633"]
[Result "0-1"]
[Round "02"]
[TimeControl "180+2"]
[Date "2023.04.25"]
[WhiteClock "0:00:05"]
[BlackClock "0:00:11"]

1. e4 c6 2. d4 d5 3. e5 Bf5 4. Nf3 e6 5. Be2 Nd7 6. O-O Qc7 7. Nbd2 f6 8. Re1 fxe5 9. Nxe5 Nxe5 10. dxe5 Bc5 11. Bh5+ g6 12. Bf3 h5 13. Nb3 Bb6 14. a4 a5 15. Bg5 Ne7 16. Qd2 Rf8 17. Be3 c5 18. c3 O-O-O 19. Qe2 Kb8 20. Qb5 Rc8 21. c4 Bd3 22. Be2 Bxe2 23. Rxe2 d4 24. Bg5 Nf5 25. Rd1 Ka7 26. Rd3 Rf7 27. Nd2 Qc6 28. Ne4 Rd7 29. h3 Rh7 30. Qxc6 Rxc6 31. g4 Nh6 32. Nf6 Rh8 33. Rg3 Nf7 34. Bc1 hxg4 35. Rxg4 Bc7 36. f4 Rxh3 37. Rxg6 Nh6 38. Rh2 Rxh2 39. Kxh2 Nf5 40. Ne4 Bb6 41. Rg8 Rc7 42. Kg2 Rh7 43. Bd2 Nh4+ 44. Kf2 Nf5 45. Kg2 Rh6 46. Re8 Nh4+ 47. Kf2 Nf5 48. Kg2 Rg6+ 49. Ng5 Ng7 50. Rg8 Bc7 51. Kf2 Kb6 52. Nxe6 Rxe6 53. Rxg7 Rh6 54. f5 Rh2+ 55. Ke1 Bxe5 56. Rg6+ Kc7 57. Re6 Bg3+ 58. Kd1 b6 59. f6 Rf2 60. Re7+ Kc6 61. Rg7 Be5 62. Rg6 Kd7 63. Rg7+ Ke6 64. f7 Bxg7 0-1


[Site "https://www.chess.com"]

[Event "Titled Tuesday Blitz April 25 Early 2023"]
[White "Durarbayli, Vasif"]
[Black "Taboas Rodriguez, Daniel"]
[WhiteFideId "13402935"]
[BlackFideId "2208466"]
[WhiteElo "2551"]
[BlackElo "2365"]
[Result "1-0"]
[Round "02"]
[TimeControl "180+2"]
[Date "2023.04.25"]
[WhiteClock "0:00:05"]
[BlackClock "0:00:11"]

1. e4 e5 2. Nc3 Nf6 3. d4 exd4 4. Qxd4 Nc6 5. Qd3 Bb4 6. Bd2 O-O 7. O-O-O d6 8. a3 Bc5 9. f4 Ng4 10. Nh3 f5 11. Qg3 Kh8 12. Bc4 Bd7 13. Rhf1 h6 14. Ng5 hxg5 15. fxg5 g6 16. h3 Nce5 17. Ba2 Kg7 18. hxg4 Nxg4 19. Nd5 Bd4 20. exf5 Bxf5 21. Rf4 Be5 22. Bc3 Qxg5 23. Kb1 Bxc3 24. Qxc3+ Ne5 25. Qxc7+ Rf7 26. Qxd6 Re8 27. Rf2 Ng4 28. Qg3 Rd8 29. Qc3+ Nf6 30. Rfd2 Rfd7 31. Nxf6 Qxf6 32. Rxd7+ Rxd7 33. Rxd7+ Bxd7 34. Qxf6+ Kxf6 35. Kc1 Ke5 36. Kd2 Kf4 37. Bd5 b6 38. c4 g5 39. b4 g4 40. Kd3 a5 41. Kd4 axb4 42. axb4 Kg3 43. Ke5 Kf2 44. Kd6 Be8 45. c5 bxc5 46. bxc5 g3 47. c6 1-0


[Site "https://www.chess.com"]

[Event "Titled Tuesday Blitz April 25 Early 2023"]
[White "Jeet, Jain"]
[Black "Kramnik, Vladimir"]
[WhiteFideId "5073022"]
[BlackFideId "4101588"]
[WhiteElo "2067"]
[BlackElo "2712"]
[Result "0-1"]
[Round "02"]
[TimeControl "180+2"]
[Date "2023.04.25"]
[WhiteClock "0:00:13"]
[BlackClock "0:01:30"]

1. d4 Nf6 2. Nf3 e6 3. Bf4 Be7 4. e3 O-O 5. c4 b6 6. Nc3 Bb7 7. h3 d5 8. Rc1 c5 9. cxd5 Nxd5 10. Nxd5 Bxd5 11. a3 Nc6 12. dxc5 bxc5 13. Be2 Qb6 14. Qc2 Bf6 15. Bd6 Rfc8 16. Bxc5 Qxb2 17. Qxb2 Bxb2 18. Rc2 Rab8 19. O-O Na5 20. Rb1 Be4 21. Rbxb2 Bxc2 22. Rxc2 Nb3 23. Bxa7 Rxc2 24. Bxb8 Rxe2 25. Bd6 Ra2 26. g4 f6 27. Kg2 Kf7 28. Ne1 Nd2 29. Bb4 Nc4 30. Nd3 Nxe3+ 31. Kg3 Nd5 32. Bd6 e5 33. Bc5 Rc2 34. a4 Rc3 0-1


[Site "https://www.chess.com"]

[Event "Titled Tuesday Blitz April 25 Early 2023"]
[White "Gupta, Abhijeet"]
[Black "Martinez Ramirez, Lennis"]
[WhiteFideId "5010608"]
[BlackFideId "3509079"]
[WhiteElo "2528"]
[BlackElo "2410"]
[Result "1-0"]
[Round "02"]
[TimeControl "180+2"]
[Date "2023.04.25"]
[WhiteClock "0:00:05"]
[BlackClock "0:00:06"]

1. d4 e6 2. Nf3 Nf6 3. Bf4 Nh5 4. Bg5 Be7 5. h4 b6 6. e3 h6 7. Bxe7 Qxe7 8. c4 Bb7 9. Nc3 Nf6 10. Bd3 c5 11. Rg1 d5 12. cxd5 Nxd5 13. Bb5+ Kf8 14. Ne5 g6 15. Bc4 Nxc3 16. bxc3 Nd7 17. Nxd7+ Qxd7 18. dxc5 Qxd1+ 19. Rxd1 Ke7 20. Bb5 Rhd8 21. c6 Rxd1+ 22. Kxd1 Bc8 23. Ke2 a6 24. Bd3 b5 25. Rb1 Ra7 26. c4 bxc4 27. Bxc4 Kd6 28. Rd1+ Kxc6 29. Rd8 Rc7 30. g4 Kc5 31. Bb3 a5 32. Rh8 Kb4 33. Rxh6 a4 34. Bd1 e5 35. Kf3 Be6 36. h5 gxh5 37. gxh5 Bxa2 38. Rb6+ Ka3 39. h6 f5 40. Rb5 Bb3 41. Be2 e4+ 42. Kf4 Be6 43. Rb6 Bc8 44. Bh5 Rc2 45. h7 Rxf2+ 46. Kg3 Rf1 47. h8=Q Rg1+ 48. Kf4 Rc1 49. Qb2# 1-0


[Site "https://www.chess.com"]

[Event "Titled Tuesday Blitz April 25 Early 2023"]
[White "Panesso Rivera, Henry"]
[Black "Svane, Frederik"]
[WhiteFideId "4402707"]
[BlackFideId "12923044"]
[WhiteElo "2345"]
[BlackElo "2502"]
[Result "0-1"]
[Round "02"]
[TimeControl "180+2"]
[Date "2023.04.25"]
[WhiteClock "0:00:17"]
[BlackClock "0:00:08"]

1. Nf3 Nf6 2. b3 e6 3. Bb2 b6 4. e3 Bb7 5. d4 Be7 6. Nbd2 O-O 7. Bd3 d5 8. Ne5 c5 9. Qf3 Nc6 10. a3 Nd7 11. Nxc6 Bxc6 12. Qh3 g6 13. Qg3 Bh4 14. Qf3 Bf6 15. h4 e5 16. Qg3 e4 17. Be2 cxd4 18. exd4 Qb8 19. Qh3 Bg7 20. h5 Nf6 21. hxg6 fxg6 22. Qe6+ Rf7 23. Qxc6 e3 24. Nf3 exf2+ 25. Kd1 Ng4 26. Bc1 Qe8 27. Qxe8+ Rxe8 28. Bb5 Re4 29. c3 Rc7 30. Bd2 Ne3+ 31. Bxe3 Rxe3 32. c4 Rxb3 33. Ba4 Rd3+ 34. Ke2 dxc4 35. Kxf2 Rf7 36. Kg1 Rfxf3 37. gxf3 Bxd4+ 38. Kg2 Rd2+ 39. Kg3 Be5+ 40. Kh3 Bxa1 41. Rxa1 a6 42. Bc6 b5 43. Bb7 Rd6 44. Kg3 Kf7 45. Kf4 Kf6 46. Rc1 h5 47. Ke4 g5 48. a4 h4 49. axb5 axb5 50. Bd5 Rd8 51. Rb1 Rb8 52. Kd4 h3 53. Rh1 Rh8 54. Bc6 Rh4+ 55. Ke3 b4 56. Bd7 h2 57. Kf2 b3 58. Kg2 c3 59. Bc6 c2 60. Be4 Rxe4 61. fxe4 b2 0-1


[Site "https://www.chess.com"]